 Dungeon Crawl Stone Soup version 0.27-a0-287-gd4424db430 (webtiles) character file.

Game seed: 8136918709950610074

87259 dolemite99 the Severer (level 15, -11/141 HPs)
             Began as a Hill Orc Fighter on Feb 9, 2021.
             Was the Champion of Beogh.
             Engulfed by a cloud of flame (14 damage)
             ... on level 1 of the Shoals.
             The game lasted 00:53:17 (37114 turns).

dolemite99 the Severer (Hill Orc Fighter)          Turns: 37114, Time: 00:53:18

Health: -11/141    AC: 19    Str: 30    XL:     15   Next: 90%
Magic:  23/24      EV: 23    Int:  8    God:    Beogh [******]
Gold:   1685       SH:  0    Dex: 16    Spells: 14/14 levels left

rFire    . . .     SeeInvis .   a - +7 battleaxe
rCold    . . .     Faith    .   (shield currently unavailable)
rNeg     . . .     Spirit   .   C - +0 plate armour
rPois    +         Reflect  .   (no helmet)
rElec    .         Harm     .   Q - scarf {repulsion}
rCorr    .         Rampage  .   H - +1 pair of gloves
Will     +....                  (no boots)
Stlth    ..........             c - amulet of the acrobat
HPRegen  0.33/turn              U - ring of poison resistance
MPRegen  0.19/turn              E - ring "Ajexye" {Str+4 Dex+6}

@: acrobat, studying Crossbows, recalling, repel missiles
A: walk on water
a: Renounce Religion, Smiting, Stop Recall, Give Item to Named Follower,
Resurrection


You were on level 1 of the Shoals.
You worshipped Beogh.
Beogh was exalted by your worship.
You visited 4 branches of the dungeon, and saw 24 of its levels.
You also visited: Sewer and Ossuary.

You collected 3248 gold pieces.
You spent 1563 gold pieces at shops.

Inventory:

Hand Weapons
 a - a +7 battleaxe (weapon)
 b - the +10 hand crossbow of Ahajoapn {freeze, rN+ Int+2}
   (You bought it in a shop on level 7 of the Dungeon)

   It causes projectiles fired from it to freeze those they strike, causing
   extra injury to most foes and up to half again as much damage against
   particularly susceptible opponents.
   They can also slow down cold-blooded creatures.
   It affects your intelligence (+2).
   It protects you from negative energy.
 e - a +1 battleaxe of venom
 l - a cursed +0 glaive
Missiles
 L - 320 bolts
Armour
 g - a scarf of resistance
 C - a +0 plate armour (worn)
 H - a +1 pair of gloves (worn)
 Q - a scarf of repulsion (worn)
Magical Staves
 r - an uncursed staff of air
Jewellery
 c - an amulet of the acrobat (around neck)
 f - an uncursed ring of protection from cold
 n - an uncursed ring of protection from fire
 w - an uncursed ring of willpower
 E - the ring "Ajexye" (right hand) {Str+4 Dex+6}
   (You acquired it in an ossuary)

   [ring of dexterity]

   It affects your strength (+4).
   It affects your dexterity (+6).
 P - an uncursed ring of willpower
 U - a ring of poison resistance (left hand)
 X - an uncursed ring of resist corrosion
Wands
 i - a wand of acid (20)
 T - a wand of polymorph (6)
 W - a wand of mindburst (14)
 Y - a wand of charming (10)
 Z - a wand of paralysis (8)
Scrolls
 h - a scroll of holy word
 m - 14 scrolls of remove curse {@r2}
 o - 2 scrolls of fog
 s - 12 scrolls of teleportation
 t - a scroll of vulnerability
 y - a scroll of summoning
 A - 4 scrolls of amnesia
 B - 4 scrolls of identify {@r1}
 D - 2 scrolls of immolation
 G - 5 scrolls of magic mapping
 N - 3 scrolls of enchant armour
 O - 4 scrolls of blinking
 R - 2 scrolls of fear
 V - 2 scrolls of silence
Potions
 d - 6 potions of haste
 j - a potion of cancellation
 k - 13 potions of curing
 p - 3 potions of invisibility
 q - a potion of magic
 u - 4 potions of berserk rage
 v - 3 potions of might
 x - 7 potions of flight
 z - 4 potions of attraction
 F - 5 potions of brilliance
 I - 6 potions of heal wounds
 J - 5 potions of resistance
 K - 10 potions of ambrosia
 M - 3 potions of lignification
Miscellaneous
 S - a lightning rod (4/4)


   Skills:
 + Level 15.2 Fighting
 - Level 19.8 Axes
 - Level 10.5 Crossbows
 + Level 14.0 Armour
 - Level 3.2 Shields
 + Level 12.2 Invocations


You had 14 spell levels left.
You didn't know any spells.
Your spell library contained the following spells:

 Spells                   Type           Power        Failure   Level
 Animate Skeleton         Necr           0%           94%         1
 Apportation              Tloc           0%           94%         1
 Corona                   Hex            0%           94%         1
 Foxfire                  Conj/Fire      0%           94%         1
 Magic Dart               Conj           0%           94%         1
 Summon Small Mammal      Summ           0%           94%         1
 Call Imp                 Summ           0%           98%         2
 Ensorcelled Hibernation  Hex/Ice        0%           98%         2
 Searing Ray              Conj           0%           98%         2
 Call Canine Familiar     Summ           0%           100%        3
 Confusing Touch          Hex            0%           100%        3
 Conjure Flame            Conj/Fire      0%           100%        3
 Dazzling Flash           Conj/Hex       0%           100%        3
 Inner Flame              Hex/Fire       0%           100%        3
 Summon Guardian Golem    Hex/Summ       0%           100%        3
 Tukima's Dance           Hex            0%           100%        3
 Fulminant Prism          Conj/Hex       0%           100%        4
 Iskenderun's Mystic Bla  Conj/Tloc      0%           100%        4
 Sticky Flame             Conj/Fire      0%           100%        4
 Summon Ice Beast         Ice/Summ       0%           100%        4
 Summon Lightning Spire   Summ/Air       0%           100%        4
 Fireball                 Conj/Fire      0%           100%        5


Dungeon Overview and Level Annotations

Branches:
Dungeon (15/15)            Temple (0/1) D:7            Lair (6/6) D:11
 Shoals (1/4) Lair:4       Spider (0/4) Lair:3        Slime (0/5) Lair:5
    Orc (2/2) D:9             Elf (0/3) Orc:2        Vaults (0/5) D:14
 Depths (0/5) D:15          Sewer (visited)         Ossuary (visited)

Altars:
Dithmenos
Elyvilon
Gozag
Hepliaklqana
Makhleb
Nemelex Xobeh
Sif Muna
Trog
Uskayaw
Vehumet
Beogh
Jiyva

Shops:
D:7 *:(   D:15 *   Orc:2 ((?(

Annotations:
D:7 2 runed translucent doors, gimp's ghost, novice TrEE
D:10 3 runed translucent doors, gimp's ghost, journeyman TrEE


Message History

Orbeogh is engulfed in blazing flames.
Orbeogh splashes around in the water.
Your orc warrior barely misses the fire bat.
Your orc knight is engulfed in blazing flames.
Your orc knight hits the merfolk with a +0 broad axe!!
Your orc knight hits the fire crab with a +0 broad axe!
Your orc knight hits the fire crab with a +0 broad axe!!
Alork is engulfed in blazing flames.
Alork hits the fire crab with a +0 halberd of venom!!!
The fire crab dies!
Beogh accepts your kill.
The merfolk hits you from afar with a +0 trident of flaming!
* * * LOW HITPOINT WARNING * * *
The merfolk burns you.
* * * LOW HITPOINT WARNING * * *
Your orc warlord completely misses the merfolk.
Your orc knight is engulfed in blazing flames.
Your orc knight barely misses the merfolk.
The fire bat bites your orc knight but does no damage.
You are engulfed in blazing flames.
You die...

..........≈≈.# #
≈≈≈≈..≈≈≈......≈≈≈#
# ..
.≈≈..≈≈≈....≈....#
## ..#
#.≈≈≈≈≈≈....≈≈...#
#o .....
.≈≈...?...≈ ##
)≈≈t.##.≈......≈≈
≈..####.
≈≈≈≈..^#§°o....≈≈
≈≈......
≈≈≈≈..t#ooo°...≈.
≈≈≈.....
?≈≈(.##o°@#
.####...
......omoo# #...
..#.#.mbo# #..≈
#..o≈≈o...... #...
#.≈≈≈≈..≈≈≈... ###.
≈≈≈≈≈≈...≈≈≈≈..# #
## .≈≈.....≈≈..≈.##
###. #
.≈≈≈≈≈≈≈≈≈...##
##....####
..?≈≈≈≈≈≈≈≈≈...
...≈≈≈H..o


You could see 2 merfolk, a fire crab, a fire bat, a friendly orc warlord
(strong), the friendly Alork the orc warlord (wandering, strong), the friendly
Olfik the orc warlord (strong), 4 friendly orc knights, the friendly Orbeogh the
orc knight (wandering, strong) and 3 friendly orc warriors.

Vanquished Creatures
  Nessos (D:13)
  A merfolk impaler (Shoals:1)
  4 boulder beetles
  A catoblepas (Lair:2)
  An ogre mage (D:14)
  3 hydras
  2 centaur warriors
  4 two-headed ogres
  3 death yaks (Lair:5)
  An unseen horror (D:15)
  A sea snake (Shoals:1)
  A harpy (Shoals:1)
  A deep elf pyromancer (D:12)
  2 orc knights
  2 orc sorcerers (Orc:2)
  3 cyclopes
  8 ugly things
  An elephant (Lair:1)
  A black mamba (Lair:3)
  3 kobold demonologists (D:14)
  7 cane toads
  5 yaktaurs (D:15)
  5 komodo dragons
  3 trolls
  2 polar bears (Lair:6)
  Grinder (Sewer)
  3 blink frogs
  A redback (Lair:3)
  A shadow (D:15)
  A vampire (D:15)
  Sigmund (D:2)
  6 wyverns
  A wraith (D:12)
  26 yaks
  2 basilisks
  Menkaure (D:4)
  2 wargs (Lair:6)
  9 water moccasins
  5 hell hounds (Lair:6)
  8 orc warriors
  2 sky beasts
  11 black bears
  An ice beast (D:14)
  A necrophage (D:6)
  5 wolves
  9 ogres
  4 phantoms
  7 centaurs
  4 kobold brigands
  12 bullfrogs
  A water moccasin zombie (Ossuary)
  3 scorpions
  22 killer bees
  2 howler monkeys (D:6)
  11 wights
  An electric eel (Lair:2)
  A bullfrog zombie (D:7)
  3 hounds
  2 jellies
  2 gnoll shamans
  5 orc priests
  A bullfrog skeleton (D:7)
  4 centaur skeletons
  Jessica (D:2)
  Natasha (thrice) (D:2)
  2 iguanas
  12 orc wizards
  12 worker ants
  4 hell rats (Lair:2)
  2 hound skeletons (D:9)
  2 mummies (Ossuary)
  14 adders
  18 gnolls
  4 shadow imps
  14 white imps
  9 ufetubi
  2 oozes
  9 adder zombies
  2 worms
  A dart slug (D:1)
  2 leopard geckos
  44 orcs
  11 bats
  8 giant cockroaches
  2 hobgoblins
  15 jackals
  4 quokkas
  5 ball pythons
  6 frilled lizards
  A giant cockroach zombie (Sewer)
  A gnoll zombie (Ossuary)
  5 goblins
  2 hobgoblin zombies (Ossuary)
  A jackal skeleton (D:5)
  A jackal zombie (D:8)
  29 kobolds
  4 kobold zombies
  5 orc zombies (Ossuary)
  A quokka skeleton (D:6)
  A quokka zombie (D:5)
  6 rats
  A fungus (Lair:3)
514 creatures vanquished.

Vanquished Creatures (collateral kills)
  2 orc warlords (Orc:2)
  The ghost of scarywalker64 the Earth Mage, a journeyman GrEE of Sif Muna (Lair:5)
  A slime creature (D:14)
  Snorg (D:11)
  A yaktaur captain (D:15)
  10 hydras
  2 boulder beetles
  A merfolk avatar (Shoals:1)
  2 catoblepae
  2 centaur warriors
  A two-headed ogre (D:14)
  13 death yaks
  5 orc high priests
  A fire crab (Shoals:1)
  An unseen horror (D:14)
  2 wizards
  A harpy (Shoals:1)
  3 orc knights
  An orc sorcerer (Orc:2)
  2 cyclopes
  3 fauns (Shoals:1)
  A wolf spider zombie (D:15)
  2 manticores
  4 ugly things
  2 black mambas
  2 gargoyles (D:15)
  An elephant (Lair:1)
  A water nymph (Shoals:1)
  A centaur skeleton (D:13)
  12 cane toads
  2 rime drakes
  A kobold demonologist (D:14)
  5 yaktaurs
  A freezing wraith (D:15)
  5 komodo dragons
  3 meliai (Lair:5)
  6 trolls
  A merfolk (Shoals:1)
  A queen bee (Lair:5)
  A raiju (Lair:6)
  9 polar bears
  12 blink frogs
  A snapping turtle (Shoals:1)
  A shadow (D:15)
  A vampire (D:13)
  A redback (Lair:3)
  7 wyverns
  A wraith (D:11)
  A basilisk (Lair:5)
  25 yaks
  2 vampire mosquitoes (D:15)
  7 wargs
  An acid dragon (D:14)
  A soldier ant (D:14)
  9 hell hounds (Lair:6)
  9 water moccasins
  17 orc warriors
  An ice beast (D:11)
  A sky beast (D:10)
  6 black bears
  16 wolves
  9 ogres
  6 centaurs
  11 bullfrogs
  6 kobold brigands (D:14)
  4 wights
  23 killer bees
  A killer bee (shapeshifter) (D:15)
  2 electric eels (Lair:2)
  2 bullfrog zombies
  A quasit (D:11)
  2 hounds
  9 orc priests
  A jelly (Lair:2)
  7 orc wizards
  3 hell rats (Lair:2)
  A worker ant (D:11)
  An adder (D:10)
  An ufetubus (D:10)
  18 orcs
  5 kobolds (D:14)
  A quokka (D:11)
351 creatures vanquished.

Vanquished Creatures (others)
  3 orc knights
  An orc sorcerer (Orc:2)
  25 orc warriors
  A wolf (Lair:6)
  21 orc priests
  14 orc wizards
  An ufetubus (D:5)
  73 orcs
  47 fungi
  95 plants
  2 withered plants (Lair:5)
283 creatures vanquished.

Grand Total: 1148 creatures vanquished

Notes
Turn   | Place    | Note
-------+----------+-------------------------------------------
     0 | D:1      | dolemite99 the Hill Orc Fighter began the quest for the
                  | Orb.
     0 | D:1      | Reached XP level 1. HP: 19/19 MP: 1/1
   122 | D:1      | Reached skill level 3 in Axes
   145 | D:1      | Reached XP level 2. HP: 19/26 MP: 2/2
   363 | D:1      | Reached skill level 4 in Axes
   837 | D:1      | Reached XP level 3. HP: 30/31 MP: 3/3
  1182 | D:2      | Noticed Sigmund
  1205 | D:2      | Killed Sigmund
  1206 | D:2      | Reached skill level 7 in Axes
  1206 | D:2      | Reached XP level 4. HP: 28/39 MP: 4/4
  1206 | D:2      | Reached XP level 5. HP: 32/45 MP: 5/5
  1408 | D:2      | Reached skill level 8 in Axes
  1408 | D:2      | Reached XP level 6. HP: 19/51 MP: 6/6
  1976 | D:2      | Noticed Natasha
  1985 | D:2      | Killed Natasha
  2075 | D:2      | Noticed Jessica
  2082 | D:2      | Killed Jessica
  2283 | D:2      | Noticed Natasha
  2302 | D:2      | Killed Natasha
  2366 | D:2      | Noticed Natasha
  2375 | D:2      | Killed Natasha
  2376 | D:2      | Reached skill level 9 in Axes
  2641 | D:2      | Found a white marble altar of Elyvilon.
  3148 | D:3      | Reached XP level 7. HP: 47/57 MP: 7/7
  4135 | D:4      | Noticed Menkaure
  4152 | D:4      | Killed Menkaure
  4153 | D:4      | Reached skill level 10 in Axes
  4305 | D:4      | Found a glowing drain.
  4315 | Sewer    | Entered a sewer
  4456 | Sewer    | Found an ancient bone altar of Kikubaaqudgha.
  4488 | Sewer    | Reached skill level 5 in Fighting
  4574 | Sewer    | Reached XP level 8. HP: 30/68 MP: 8/8
  4974 | Sewer    | Noticed Grinder
  4983 | Sewer    | Killed Grinder
  4984 | Sewer    | Reached skill level 5 in Armour
  5788 | D:5      | Entered Level 5 of the Dungeon
  6008 | D:5      | Became a worshipper of Beogh the Brigand
  7291 | D:6      | Reached XP level 9. HP: 74/79 MP: 9/9
  7301 | D:6      | Reached skill level 11 in Axes
  7629 | D:6      | Reached * piety under Beogh
  8155 | D:6      | Reached skill level 12 in Axes
  8673 | D:6      | Found a burning altar of Makhleb.
  8949 | D:7      | Found Koalihaff's Book Shop.
  8967 | D:7      | Found Hyovilor's Weapon Emporium.
  9084 | D:7      | Found a staircase to the Ecumenical Temple.
  9101 | D:7      | Reached skill level 13 in Axes
  9145 | D:7      | Found a large runed translucent door.
  9149 | D:7      | Found a large runed translucent door.
  9154 | D:7      | Noticed gimp's ghost (novice TrEE)
  9192 | D:7      | Found a sand-covered staircase.
  9200 | Ossuary  | Entered an ossuary
  9221 | Ossuary  | Reached skill level 1 in Invocations
  9290 | Ossuary  | Reached ** piety under Beogh
  9362 | Ossuary  | Identified a scroll of acquirement
  9362 | Ossuary  | Acquired the ring "Ajexye" {Str+4 Dex+6}
  9561 | D:7      | Found Qisufebb's Assorted Antiques.
  9569 | D:7      | Bought an encrusted hand crossbow for 161 gold pieces
  9569 | D:7      | Identified the +10 hand crossbow of Ahajoapn {freeze, rN+
                  | Int+2} (You bought it in a shop on level 7 of the Dungeon)
  9647 | D:7      | Reached skill level 1 in Crossbows
  9779 | D:7      | Found a sparkling altar of Nemelex Xobeh.
  9883 | D:7      | Found a bloodstained altar of Trog.
  9960 | D:7      | Found a shimmering blue altar of Sif Muna.
 10238 | D:8      | Reached XP level 10. HP: 86/86 MP: 12/12
 10267 | D:8      | Identified the +6 scale mail of Edwuileh {+Blink}
 10269 | D:8      | Reached *** piety under Beogh
 10271 | D:8      | Found a hazy altar of Hepliaklqana.
 11116 | D:9      | Acquired 1049 gold pieces
 11279 | D:9      | Reached skill level 5 in Crossbows
 11379 | D:9      | Found a radiant altar of Vehumet.
 11470 | D:9      | Gained Marbork as an ally
 11545 | D:9      | Found a staircase to the Orcish Mines.
 11553 | D:9      | Found a roughly hewn altar of Beogh.
 12713 | D:10     | Entered Level 10 of the Dungeon
 12764 | D:10     | Reached skill level 5 in Invocations
 12773 | D:10     | Reached **** piety under Beogh
 12830 | D:10     | Found a runed translucent gate.
 12855 | D:10     | Found a runed translucent gate.
 12855 | D:10     | Found an opulent altar of Gozag.
 13005 | D:10     | Found a runed translucent gate.
 13005 | D:10     | Noticed gimp's ghost (journeyman TrEE)
 13006 | D:10     | Noticed a war gargoyle
 13807 | D:11     | Found a staircase to the Lair.
 13818 | D:11     | Noticed Snorg
 13820 | D:11     | Reached XP level 11. HP: 83/92 MP: 17/17
 13826 | D:11     | Killed Snorg
 13832 | D:11     | Reached skill level 10 in Invocations
 14637 | D:11     | Found a roughly hewn altar of Beogh.
 14639 | D:11     | Reached ***** piety under Beogh
 15160 | D:7      | Bought a manual of Crossbows for 1104 gold pieces
 15260 | Lair:1   | Entered Level 1 of the Lair of Beasts
 15435 | Lair:1   | Noticed a five-headed hydra
 15441 | Lair:1   | Killed a five-headed hydra
 15448 | Lair:1   | Noticed a four-headed hydra
 15453 | Lair:1   | Killed a four-headed hydra
 15509 | Lair:1   | Reached skill level 10 in Crossbows
 16183 | Lair:1   | Noticed a four-headed hydra
 16187 | Lair:1   | Killed a four-headed hydra
 16265 | Lair:1   | Noticed an eight-headed hydra
 16271 | Lair:1   | Killed an eight-headed hydra
 16272 | Lair:1   | Reached XP level 12. HP: 87/103 MP: 19/19
 17113 | Lair:2   | Reached skill level 14 in Axes
 17476 | Lair:2   | Your ally Marbork died
 17873 | Lair:2   | Noticed a catoblepas
 17879 | Lair:2   | Killed a catoblepas
 18310 | Lair:3   | Reached skill level 10 in Fighting
 18533 | Lair:3   | Gained Alork as an ally
 18791 | Lair:3   | Found a hole to the Spider Nest.
 19785 | Lair:4   | Found a staircase to the Shoals.
 19786 | Lair:4   | Noticed a boulder beetle
 19797 | Lair:4   | Killed a boulder beetle
 19798 | Lair:4   | Reached skill level 15 in Axes
 20147 | Lair:4   | Noticed an eight-headed hydra
 20152 | Lair:4   | Killed an eight-headed hydra
 20265 | Lair:4   | Noticed a catoblepas
 20271 | Lair:4   | Killed a catoblepas
 20272 | Lair:4   | Reached skill level 10 in Armour
 20864 | Lair:4   | Found a hide-covered altar of Uskayaw.
 21313 | Lair:5   | Reached XP level 13. HP: 113/116 MP: 20/20
 22204 | Lair:5   | Found a viscous altar of Jiyva.
 22215 | Lair:5   | Found a staircase to the Slime Pits.
 22382 | Lair:5   | Found a runed translucent door.
 22385 | Lair:5   | Gained Korbok as an ally
 22386 | Lair:5   | Reached skill level 16 in Axes
 22386 | Lair:5   | Noticed scarywalker64's ghost (journeyman GrEE)
 22497 | Lair:5   | Gained Orbeogh as an ally
 22497 | Lair:5   | Gained Olfik as an ally
 22500 | Lair:5   | Your ally Korbok died
 22785 | Lair:5   | Reached ****** piety under Beogh
 23297 | Lair:5   | Killed scarywalker64's ghost
 23298 | Lair:5   | Reached skill level 17 in Axes
 23473 | Lair:6   | Entered Level 6 of the Lair of Beasts
 23644 | Lair:6   | Found a gate leading to a gauntlet.
 23718 | Lair:6   | Reached skill level 18 in Axes
 23931 | Lair:6   | Reached XP level 14. HP: 125/125 MP: 21/21
 24551 | Lair:6   | Reached skill level 19 in Axes
 28918 | D:13     | Gained Borgun as an ally
 29317 | D:13     | Noticed Nessos
 29323 | D:13     | Killed Nessos
 30376 | Orc:1    | Entered Level 1 of the Orcish Mines
 30383 | Orc:1    | Gained Morguth as an ally
 30542 | Orc:1    | Found a roughly hewn altar of Beogh.
 30713 | Orc:1    | Found a frozen archway.
 30828 | Orc:1    | Found a roughly hewn altar of Beogh.
 31247 | Orc:2    | Entered Level 2 of the Orcish Mines
 31628 | Orc:2    | Noticed an orc warlord
 32171 | Orc:2    | Found a roughly hewn altar of Beogh.
 32379 | Orc:2    | Found Ketrosio's Weapon Emporium.
 32526 | Orc:2    | Found Ropips's Antique Weapon Shoppe.
 32748 | Orc:2    | Noticed an orc warlord
 32758 | Orc:2    | Killed an orc warlord
 32759 | Orc:2    | Reached XP level 15. HP: 96/137 MP: 22/22
 33109 | Orc:2    | Found a staircase to the Elven Halls.
 33239 | Orc:2    | Noticed an orc warlord
 33254 | Orc:2    | Killed an orc warlord
 33256 | Orc:2    | Found a roughly hewn altar of Beogh.
 33272 | Orc:2    | Your ally Morguth died
 33418 | Orc:2    | Found Pyig Biu's Weapon Shoppe.
 33473 | Orc:2    | Found Fefa's Magic Scroll Emporium.
 33484 | Orc:2    | Bought a scroll of summoning for 123 gold pieces
 33484 | Orc:2    | Bought a scroll of holy word for 97 gold pieces
 33484 | Orc:2    | Bought a scroll of teleportation for 39 gold pieces
 33484 | Orc:2    | Bought a scroll of teleportation for 39 gold pieces
 33834 | D:14     | You fall into a shaft and drop 1 floor!
 33834 | D:15     | Entered Level 15 of the Dungeon
 33916 | D:15     | Your ally Borgun died
 34537 | D:15     | Found a shadowy altar of Dithmenos.
 34931 | D:15     | Found Bovicung's Blood Bar.
 35515 | D:15     | Found a staircase to the Depths.
 36198 | D:14     | Reached skill level 15 in Fighting
 36428 | D:14     | Found a gate to the Vaults.
 36866 | Shoals:1 | Entered Level 1 of the Shoals
 37113 | Shoals:1 | HP: 7/141 [merfolk/+0 trident of flaming (16)]
 37113 | Shoals:1 | HP: 3/141 [merfolk/+0 trident of flaming (4)]
 37114 | Shoals:1 | Engulfed by a cloud of flame

Illustrated notes

Levels and vault maps discovered:
D:1:      minmay_arrival_widening_spiral_wide, layout_rooms, glass_columns_b
D:2:      layout_rooms, lemuel_crystal_altar, minivault_19, uniq_jessica,
          uniq_sigmund, uniq_natasha
D:3:      layout_loops_ring, chequers_hall_statues_y,
          chequers_serial_rivers_marsh, glass_columns_a
D:4:      layout_loops_ring, cheibrodos_sewer_entry_drain, uniq_menkaure
D:5:      layout_loops_cross
D:6:      layout_loops_ring, marbit_many_paths
D:7:      layout_loops_ring, nemelex_xobeh_ov_fountains_minmay,
          general_overflow_altar, lightli_temple_of_fire,
          minmay_temple_entry_crystal_x, serial_shops, shop, shop, shop,
          ebering_ghost_disaster_area, enter_ossuary_2
D:8:      layout_basic, basic_altar
D:9:      layout_loops_corners, fiery_altar_vehumet,
          minmay_orc_entry_temple_small
D:10:     layout_roguey, ebering_ghost_gozag
D:11:     layout_irregular_city, minmay_lair_entry_grove, serial_glass,
          glass_columns_c, glass_columns_a, glass_columns_b, glass_columns_a,
          glass_columns_a, glass_columns_c, nicolae_benzene_ring,
          david_defended_altar_orc, uniq_snorg
D:12:     layout_cave_pools, nicolae_straight_to_the_point
D:13:     layout_loops_cross, uniq_nessos
D:14:     layout_rooms, hangedman_vaults_entry_quadrant_bands,
          minmay_staircase_statues
D:15:     grunt_enter_depths_snipers, layout_loops_ring,
          nicolae_dithmenos_shadow_blocks, guppyfry_shop_blood
Lair:1:   layout_gridlike, hangedman_lair_generics_rect
Lair:2:   layout_hall_layers, grunt_megastairs_1, infiniplex_staircase_pool_2,
          serial_bayou_shore_a
Lair:3:   layout_hall_layers, spider_nest_entry_webs, beast_lair_carwin_5
Lair:4:   layout_misc_corridors, shoals_dummy_entry, basic_altar,
          serial_bayou_pond_e
Lair:5:   layout_small_grid, slime_altar_1, gammafunk_ghost_grave, special_room
          [special_room_bee]
Lair:6:   hangedman_lair_caniforms_friends, layout_cave_pods,
          gauntlet_entry_generic
Shoals:1: layout_shoals, hangedman_shoal_volcano
Orc:1:    layout_caves, special_room [special_room_orc],
          portal_ice_cave_entry_imps, lemuel_statue_altar
Orc:2:    pubby_orc_utopia

Skill      XL: |  1  2  3  4  5  6  7  8  9 10 11 12 13 14 15 |
---------------+----------------------------------------------+-----
Axes           | 3 4 7 8 9 10 13 15 18 19 | 19.8
Fighting       | 5 7 8 11 13 15 | 15.2
Armour         | 4 6 7 10 12 14 | 14.0
Invocations    | 3 8 10 12 | 12.2
Crossbows      | 3 6 10 | 10.5
Shields        | |  3.2

Action                   |  1- 3 |  4- 6 |  7- 9 | 10-12 | 13-15 || total
-------------------------+-------+-------+-------+-------+-------++-------
Melee: War axe           |    63 |   145 |   441 |   103 |       ||   752
       Dagger            |       |       |    52 |       |       ||    52
       Battleaxe         |       |       |       |    11 |   330 ||   341
 Fire: Hand crossbow     |       |       |    40 |   245 |   271 ||   556
Throw: Stone             |    15 |    32 |    35 |       |       ||    82
       Dart              |       |       |    37 |     2 |    18 ||    57
Invok: Convert to Beogh  |       |       |     1 |       |       ||     1
       Recall Orcish Fol |       |       |       |     6 |    19 ||    25
       Give Item to Name |       |       |       |     2 |     2 ||     4
       Smiting           |       |       |       |       |     9 ||     9
Evoke: Wand              |       |       |       |     2 |       ||     2
       Lightning rod     |       |       |       |       |     3 ||     3
  Use: Potion            |     1 |       |     3 |     1 |     2 ||     7
       Scroll            |       |     2 |    12 |    16 |     7 ||    37
 Stab: Distracted        |       |       |       |     1 |     6 ||     7
Armor: Scale mail        |    34 |    43 |       |       |       ||    77
       Chain mail        |       |    18 |     5 |       |       ||    23
       Plate armour      |       |       |   328 |   121 |   279 ||   728
       Skin              |       |       |    25 |     4 |       ||    29
Dodge: Dodged            |    22 |    44 |    84 |    47 |   252 ||   449
       Repelled          |       |       |       |       |     6 ||     6
Block: Kite shield       |    36 |    80 |   295 |   190 |       ||   601
       Reflection        |       |       |     1 |     5 |     3 ||     9
       Other             |       |       |       |    10 |    32 ||    42

Table legend: (Time is in decaauts)
 A = Elapsed time spent in this place.
 B = Non-inter-level travel time spent in this place.
 C = Inter-level travel time spent in this place.
 D = Time resting spent in this place.
 E = Time spent auto-exploring this place.
 F = Levels seen in this place.
 G = Mean time per level.
                   A        B        C        D        E       F      G
               +--------+--------+--------+--------+--------+-----+--------+
         Total |  37286 |  35183 |   2103 |  12254 |  15989 |  26 | 1434.1 |
       Dungeon |  21668 |  19968 |   1700 |   6583 |   9538 |  15 | 1444.5 |
          Lair |  10911 |  10574 |    337 |   4540 |   3959 |   6 | 1818.5 |
        Shoals |    242 |    242 |      0 |      0 |    171 |   1 |  242.0 |
  Orcish Mines |   3219 |   3154 |     65 |    689 |   1885 |   2 | 1609.5 |
         Sewer |   1069 |   1069 |      0 |    441 |    368 |   1 | 1069.0 |
       Ossuary |    175 |    175 |      0 |      0 |     67 |   1 |  175.0 |
               +--------+--------+--------+--------+--------+-----+--------+

Top non-repeatable levels by time:
  Lair:5: 2354 daAuts
   Orc:2: 2339 daAuts
  Lair:6: 2280 daAuts
    D:15: 2063 daAuts
     D:5: 1886 daAuts
     D:9: 1857 daAuts
    D:12: 1786 daAuts
     D:2: 1748 daAuts
  Lair:2: 1718 daAuts
  Lair:3: 1652 daAuts
    D:13: 1614 daAuts
  Lair:1: 1552 daAuts
     D:6: 1521 daAuts
    D:11: 1387 daAuts
  Lair:4: 1352 daAuts
